3200 views
Uploaded 2019-12-11 19:52:34
Game version 1.32.0.4
32:05 long 3on3 ladder game on (6)TimbermawHold
Saved by BEARAND
3200 views
Uploaded 2019-12-11 19:52:34
Game version 1.32.0.4
32:05 long 3on3 ladder game on (6)TimbermawHold


92 units @ 7.2k
/ 0.1k
475 buildings @ 19.7k
/ 11.3k
BEARAND
(32:04) : 


x1)
| Staff of Sanctuary | 3 | 750 |
| Orb of Fire | 2 | 650 |
| Boots of Speed | 3 | 750 |
| Staff of Teleportation | 3 | 450 |
| Tome of Retraining | 1 | 300 |
| Periapt of Vitality | 1 | 325 |
| Circlet of Nobility | 1 | 175 |
| total: | 14 | 3400g |
| Peasant | 22 | 1650 | / | 0 |
| Priest | 2 | 270 | / | 20 |
| total: | 24 | 1920g | / | 20w |
| Scout Tower | 106 | 3180 | / | 2120 |
| Arcane Tower | 2 | 140 | / | 100 |
| Guard Tower | 36 | 2520 | / | 1800 |
| Altar of Kings | 1 | 180 | / | 50 |
| Farm | 8 | 640 | / | 160 |
| Lumber Mill | 1 | 120 | / | 0 |
| Town Hall | 1 | 385 | / | 205 |
| Arcane Vault | 1 | 130 | / | 30 |
| Arcane Sanctum | 1 | 150 | / | 140 |
| Keep | 1 | 320 | / | 210 |
| Castle | 1 | 360 | / | 210 |
| total: | 119 | 4785g | / | 2705w |
| 0:04 | Peasant |
| 0:04 | Peasant |
| 0:08 | Altar of Kings |
| 0:20 | Farm |
| 0:23 | Peasant |
| 0:45 | Peasant |
| 0:51 | Lumber Mill |
| 0:56 | Peasant |
| 0:59 | Farm |
| 1:04 | Peasant |
| 1:17 | Peasant |
| 1:26 | Peasant |
| 1:32 | Scout Tower |
| 1:45 | Scout Tower |
| 1:50 | Peasant |
| 1:59 | Arcane Tower |
| 2:00 | Scout Tower |
| 2:08 | Peasant |
| 2:10 | Summon Water Elemental |
| 2:34 | Guard Tower |
| 2:35 | Scout Tower |
| 2:36 | Scout Tower |
| 2:37 | Peasant |
| 2:38 | Peasant |
| 2:38 | Peasant |
| 2:44 | Scout Tower |
| 2:45 | Scout Tower |
| 2:54 | Peasant |
| 3:25 | Scout Tower |
| 3:27 | Guard Tower |
| 3:30 | Scout Tower |
| 3:30 | Scout Tower |
| 3:31 | Guard Tower |
| 3:42 | Keep |
| 3:57 | Guard Tower |
| 3:59 | Scout Tower |
| 4:00 | Scout Tower |
| 4:01 | Scout Tower |
| 4:01 | Scout Tower |
| 4:20 | Brilliance Aura |
| 4:46 | Scout Tower |
| 4:47 | Scout Tower |
| 4:47 | Scout Tower |
| 4:47 | Scout Tower |
| 5:18 | Guard Tower |
| 5:33 | Scout Tower |
| 5:34 | Scout Tower |
| 5:35 | Scout Tower |
| 5:35 | Scout Tower |
| 5:39 | Boots of Speed |
| 5:39 | Staff of Teleportation |
| 5:48 | Improved Masonry |
| 6:08 | Guard Tower |
| 6:19 | Farm |
| 6:20 | Farm |
| 6:21 | Farm |
| 6:45 | Farm |
| 6:46 | Improved Lumber Harvesting |
| 7:08 | Advanced Lumber Harvesting |
| 7:11 | Arcane Tower |
| 7:17 | Scout Tower |
| 7:29 | Scout Tower |
| 7:30 | Scout Tower |
| 7:30 | Scout Tower |
| 7:30 | Scout Tower |
| 7:34 | Guard Tower |
| 7:39 | Scout Tower |
| 7:53 | Storm Bolt |
| 8:18 | Guard Tower |
| 8:21 | Scout Tower |
| 8:23 | Peasant |
| 8:23 | Peasant |
| 8:23 | Peasant |
| 8:24 | Peasant |
| 8:40 | Guard Tower |
| 9:32 | Castle |
| 9:56 | Farm |
| 9:56 | Farm |
| 10:23 | Arcane Sanctum |
| 10:31 | Guard Tower |
| 10:42 | Guard Tower |
| 10:45 | Scout Tower |
| 10:45 | Scout Tower |
| 10:45 | Scout Tower |
| 10:46 | Scout Tower |
| 10:47 | Scout Tower |
| 10:47 | Scout Tower |
| 10:59 | Tome of Retraining |
| 10:59 | Retrain Hero |
| 11:00 | Boots of Speed |
| 11:00 | Staff of Teleportation |
| 11:01 | Blizzard |
| 11:02 | Brilliance Aura |
| 11:29 | Guard Tower |
| 11:44 | Town Hall |
| 11:47 | Magic Sentry |
| 11:48 | Priest |
| 11:51 | Scout Tower |
| 11:51 | Scout Tower |
| 11:52 | Scout Tower |
| 11:52 | Scout Tower |
| 11:53 | Scout Tower |
| 12:06 | Guard Tower |
| 12:09 | Scout Tower |
| 12:10 | Scout Tower |
| 12:11 | Scout Tower |
| 12:12 | Scout Tower |
| 13:11 | Bash |
| 13:21 | Holy Light |
| 13:24 | Arcane Vault |
| 13:41 | Blizzard |
| 14:06 | Peasant |
| 14:06 | Peasant |
| 14:06 | Peasant |
| 14:08 | Guard Tower |
| 14:11 | Scout Tower |
| 14:11 | Scout Tower |
| 14:12 | Scout Tower |
| 14:12 | Scout Tower |
| 14:13 | Scout Tower |
| 14:30 | Staff of Sanctuary |
| 14:33 | Orb of Fire |
| 14:40 | Scout Tower |
| 14:41 | Scout Tower |
| 14:43 | Scout Tower |
| 14:43 | Scout Tower |
| 14:51 | Guard Tower |
| 15:04 | Advanced Masonry |
| 15:07 | Boots of Speed |
| 15:15 | Guard Tower |
| 15:29 | Peasant |
| 15:40 | Periapt of Vitality |
| 15:40 | Staff of Teleportation |
| 15:41 | Circlet of Nobility |
| 16:10 | Guard Tower |
| 16:27 | Guard Tower |
| 16:38 | Scout Tower |
| 16:38 | Scout Tower |
| 16:39 | Scout Tower |
| 16:39 | Scout Tower |
| 16:40 | Scout Tower |
| 16:40 | Scout Tower |
| 16:42 | Guard Tower |
| 16:46 | Scout Tower |
| 16:47 | Scout Tower |
| 16:47 | Scout Tower |
| 16:50 | Staff of Sanctuary |
| 17:07 | Guard Tower |
| 17:09 | Guard Tower |
| 17:42 | Guard Tower |
| 18:00 | Orb of Fire |
| 18:09 | Guard Tower |
| 18:10 | Scout Tower |
| 19:18 | Staff of Sanctuary |
| 19:56 | Scout Tower |
| 19:57 | Scout Tower |
| 19:58 | Scout Tower |
| 20:00 | Scout Tower |
| 20:00 | Scout Tower |
| 20:00 | Scout Tower |
| 20:48 | Guard Tower |
| 20:54 | Scout Tower |
| 20:55 | Scout Tower |
| 20:55 | Scout Tower |
| 21:19 | Guard Tower |
| 21:21 | Scout Tower |
| 21:21 | Scout Tower |
| 21:22 | Scout Tower |
| 21:22 | Scout Tower |
| 21:34 | Scout Tower |
| 21:36 | Scout Tower |
| 21:37 | Scout Tower |
| 21:48 | Scout Tower |
| 21:48 | Scout Tower |
| 21:49 | Scout Tower |
| 21:49 | Scout Tower |
| 21:53 | Guard Tower |
| 22:02 | Guard Tower |
| 22:03 | Guard Tower |
| 22:05 | Guard Tower |
| 22:07 | Scout Tower |
| 22:23 | Scout Tower |
| 22:24 | Scout Tower |
| 22:33 | Guard Tower |
| 22:35 | Scout Tower |
| 22:36 | Scout Tower |
| 22:37 | Scout Tower |
| 22:37 | Scout Tower |
| 22:38 | Scout Tower |
| 22:38 | Scout Tower |
| 22:39 | Scout Tower |
| 22:40 | Scout Tower |
| 22:40 | Scout Tower |
| 23:49 | Guard Tower |
| 23:50 | Scout Tower |
| 23:51 | Scout Tower |
| 23:51 | Scout Tower |
| 23:52 | Scout Tower |
| 23:53 | Scout Tower |
| 23:53 | Scout Tower |
| 24:05 | Divine Shield |
| 25:28 | Guard Tower |
| 25:29 | Guard Tower |
| 25:36 | Scout Tower |
| 25:36 | Scout Tower |
| 25:38 | Imbued Masonry |
| 26:20 | Guard Tower |
| 26:22 | Scout Tower |
| 26:22 | Scout Tower |
| 26:23 | Scout Tower |
| 27:07 | Guard Tower |
| 27:19 | Guard Tower |
| 28:18 | Storm Bolt |
| 29:21 | Brilliance Aura |
| 30:27 | Priest |
| 32:01 | Holy Light |
| Right click | 2879 |
| Select | 771 |
| Select group | 494 |
| Build/train/purchase | 158 |
| Chat | 112 |
| Use ability | 111 |
| Resource trade | 42 |
| Assign group | 22 |
| Minimap ping | 21 |
| Misc. action | 8 |
| Item give/drop | 4 |
| Remove unit | 1 |



x1)
| Staff of Sanctuary | 3 | 750 |
| Orb of Fire | 2 | 650 |
| Mechanical Critter | 1 | 50 |
| Scroll of Regeneration | 1 | 100 |
| Staff of Teleportation | 3 | 450 |
| Boots of Speed | 3 | 750 |
| Periapt of Vitality | 3 | 975 |
| Circlet of Nobility | 1 | 175 |
| Tome of Retraining | 1 | 300 |
| total: | 18 | 4200g |
| Peasant | 32 | 2400 | / | 0 |
| Priest | 2 | 270 | / | 20 |
| total: | 34 | 2670g | / | 20w |
| Scout Tower | 206 | 6180 | / | 4120 |
| Arcane Tower | 6 | 420 | / | 300 |
| Guard Tower | 48 | 3360 | / | 2400 |
| Altar of Kings | 1 | 180 | / | 50 |
| Farm | 4 | 320 | / | 80 |
| Lumber Mill | 1 | 120 | / | 0 |
| Town Hall | 3 | 1155 | / | 615 |
| Arcane Vault | 7 | 910 | / | 210 |
| Arcane Sanctum | 1 | 150 | / | 140 |
| Keep | 1 | 320 | / | 210 |
| Castle | 2 | 720 | / | 420 |
| total: | 223 | 9015g | / | 5215w |
| 0:03 | Peasant |
| 0:03 | Peasant |
| 0:07 | Altar of Kings |
| 0:12 | Farm |
| 0:23 | Peasant |
| 0:32 | Peasant |
| 0:52 | Lumber Mill |
| 0:54 | Peasant |
| 0:59 | Scout Tower |
| 1:04 | Peasant |
| 1:13 | Farm |
| 1:24 | Peasant |
| 1:26 | Arcane Tower |
| 1:31 | Scout Tower |
| 1:35 | Peasant |
| 1:43 | Peasant |
| 1:53 | Peasant |
| 1:58 | Guard Tower |
| 2:05 | Scout Tower |
| 2:09 | Summon Water Elemental |
| 2:20 | Peasant |
| 2:21 | Peasant |
| 2:32 | Peasant |
| 2:34 | Guard Tower |
| 2:55 | Peasant |
| 3:15 | Peasant |
| 3:45 | Town Hall |
| 4:02 | Scout Tower |
| 4:02 | Scout Tower |
| 4:03 | Scout Tower |
| 4:04 | Scout Tower |
| 4:11 | Keep |
| 4:21 | Brilliance Aura |
| 4:48 | Guard Tower |
| 4:49 | Peasant |
| 4:49 | Peasant |
| 4:50 | Guard Tower |
| 5:02 | Scout Tower |
| 5:03 | Scout Tower |
| 5:19 | Guard Tower |
| 5:44 | Scout Tower |
| 5:45 | Scout Tower |
| 5:46 | Scout Tower |
| 5:47 | Scout Tower |
| 6:16 | Guard Tower |
| 6:22 | Guard Tower |
| 6:37 | Staff of Teleportation |
| 6:37 | Boots of Speed |
| 6:37 | Periapt of Vitality |
| 6:42 | Guard Tower |
| 6:53 | Peasant |
| 6:53 | Peasant |
| 6:55 | Improved Lumber Harvesting |
| 7:12 | Arcane Sanctum |
| 7:23 | Scout Tower |
| 7:24 | Scout Tower |
| 7:25 | Scout Tower |
| 7:25 | Scout Tower |
| 7:47 | Storm Bolt |
| 8:06 | Castle |
| 8:21 | Guard Tower |
| 8:44 | Guard Tower |
| 8:51 | Arcane Vault |
| 8:52 | Arcane Vault |
| 8:52 | Arcane Vault |
| 8:54 | Arcane Vault |
| 8:55 | Arcane Vault |
| 8:57 | Arcane Vault |
| 8:58 | Arcane Vault |
| 10:00 | Scout Tower |
| 10:00 | Scout Tower |
| 10:01 | Scout Tower |
| 10:02 | Scout Tower |
| 10:04 | Scout Tower |
| 10:04 | Scout Tower |
| 10:05 | Scout Tower |
| 10:08 | Scout Tower |
| 10:08 | Scout Tower |
| 10:09 | Scout Tower |
| 10:17 | Magic Sentry |
| 10:19 | Farm |
| 10:20 | Improved Masonry |
| 10:33 | Scout Tower |
| 10:36 | Scout Tower |
| 10:36 | Scout Tower |
| 10:37 | Scout Tower |
| 10:40 | Scout Tower |
| 10:41 | Scout Tower |
| 10:42 | Scout Tower |
| 10:44 | Peasant |
| 10:45 | Peasant |
| 10:57 | Guard Tower |
| 11:10 | Staff of Sanctuary |
| 11:12 | Staff of Sanctuary |
| 11:12 | Orb of Fire |
| 11:26 | Scout Tower |
| 11:32 | Guard Tower |
| 11:36 | Scout Tower |
| 11:36 | Scout Tower |
| 11:39 | Priest |
| 11:45 | Boots of Speed |
| 11:53 | Scout Tower |
| 11:54 | Scout Tower |
| 11:57 | Guard Tower |
| 12:04 | Periapt of Vitality |
| 12:13 | Circlet of Nobility |
| 12:15 | Staff of Teleportation |
| 12:24 | Arcane Tower |
| 12:27 | Scout Tower |
| 12:28 | Scout Tower |
| 12:28 | Scout Tower |
| 12:29 | Scout Tower |
| 12:31 | Holy Light |
| 12:39 | Guard Tower |
| 12:41 | Scout Tower |
| 12:41 | Scout Tower |
| 12:44 | Staff of Sanctuary |
| 12:45 | Orb of Fire |
| 12:58 | Summon Water Elemental |
| 13:09 | Arcane Tower |
| 13:39 | Town Hall |
| 14:11 | Guard Tower |
| 14:20 | Arcane Tower |
| 14:25 | Peasant |
| 14:28 | Advanced Lumber Harvesting |
| 14:36 | Scout Tower |
| 14:37 | Scout Tower |
| 14:38 | Scout Tower |
| 14:38 | Scout Tower |
| 14:39 | Scout Tower |
| 14:40 | Scout Tower |
| 14:40 | Scout Tower |
| 14:41 | Scout Tower |
| 14:41 | Scout Tower |
| 14:51 | Farm |
| 14:56 | Scout Tower |
| 14:57 | Scout Tower |
| 14:58 | Scout Tower |
| 15:01 | Advanced Masonry |
| 15:02 | Staff of Teleportation |
| 15:02 | Boots of Speed |
| 15:04 | Periapt of Vitality |
| 15:26 | Bash |
| 15:46 | Guard Tower |
| 15:49 | Peasant |
| 15:49 | Peasant |
| 16:03 | Guard Tower |
| 16:09 | Arcane Tower |
| 16:25 | Peasant |
| 16:25 | Peasant |
| 16:26 | Guard Tower |
| 16:27 | Scout Tower |
| 16:28 | Scout Tower |
| 16:29 | Scout Tower |
| 16:30 | Scout Tower |
| 16:31 | Scout Tower |
| 16:31 | Scout Tower |
| 16:59 | Imbued Masonry |
| 17:59 | Guard Tower |
| 18:01 | Scout Tower |
| 18:02 | Scout Tower |
| 18:03 | Scout Tower |
| 18:03 | Scout Tower |
| 18:04 | Scout Tower |
| 18:05 | Scout Tower |
| 18:06 | Scout Tower |
| 18:06 | Scout Tower |
| 18:07 | Scout Tower |
| 18:07 | Scout Tower |
| 18:08 | Scout Tower |
| 18:12 | Scout Tower |
| 18:13 | Scout Tower |
| 18:14 | Scout Tower |
| 18:14 | Scout Tower |
| 18:20 | Scout Tower |
| 18:20 | Scout Tower |
| 18:21 | Scout Tower |
| 18:22 | Scout Tower |
| 18:23 | Scout Tower |
| 19:04 | Tome of Retraining |
| 19:04 | Retrain Hero |
| 19:07 | Blizzard |
| 19:07 | Blizzard |
| 19:08 | Brilliance Aura |
| 19:38 | Guard Tower |
| 20:24 | Mechanical Critter |
| 20:28 | Scroll of Regeneration |
| 20:35 | Guard Tower |
| 20:40 | Scout Tower |
| 20:40 | Scout Tower |
| 20:41 | Scout Tower |
| 20:42 | Scout Tower |
| 20:42 | Scout Tower |
| 20:43 | Scout Tower |
| 20:43 | Scout Tower |
| 20:44 | Scout Tower |
| 20:50 | Town Hall |
| 21:21 | Divine Shield |
| 21:48 | Guard Tower |
| 21:52 | Scout Tower |
| 21:53 | Scout Tower |
| 21:54 | Scout Tower |
| 21:54 | Scout Tower |
| 21:55 | Scout Tower |
| 21:55 | Scout Tower |
| 21:57 | Scout Tower |
| 21:58 | Scout Tower |
| 21:59 | Scout Tower |
| 21:59 | Scout Tower |
| 22:00 | Scout Tower |
| 22:00 | Scout Tower |
| 22:01 | Scout Tower |
| 22:01 | Scout Tower |
| 22:04 | Scout Tower |
| 22:05 | Scout Tower |
| 22:06 | Scout Tower |
| 22:07 | Scout Tower |
| 22:07 | Scout Tower |
| 22:08 | Scout Tower |
| 22:20 | Guard Tower |
| 22:51 | Storm Bolt |
| 23:32 | Guard Tower |
| 23:35 | Guard Tower |
| 23:43 | Guard Tower |
| 23:48 | Guard Tower |
| 23:49 | Scout Tower |
| 23:50 | Scout Tower |
| 23:50 | Scout Tower |
| 23:51 | Scout Tower |
| 24:36 | Guard Tower |
| 24:58 | Guard Tower |
| 25:10 | Holy Light |
| 25:20 | Brilliance Aura |
| 25:22 | Guard Tower |
| 25:42 | Guard Tower |
| 25:44 | Scout Tower |
| 25:45 | Scout Tower |
| 25:53 | Guard Tower |
| 25:55 | Scout Tower |
| 25:56 | Scout Tower |
| 25:57 | Scout Tower |
| 25:58 | Scout Tower |
| 26:01 | Scout Tower |
| 26:02 | Scout Tower |
| 26:03 | Scout Tower |
| 26:04 | Scout Tower |
| 26:11 | Peasant |
| 26:11 | Peasant |
| 26:12 | Peasant |
| 26:14 | Guard Tower |
| 26:21 | Priest Adept Training |
| 26:23 | Priest |
| 26:27 | Guard Tower |
| 26:31 | Scout Tower |
| 26:32 | Scout Tower |
| 26:33 | Scout Tower |
| 26:33 | Scout Tower |
| 26:34 | Scout Tower |
| 26:34 | Scout Tower |
| 26:40 | Guard Tower |
| 26:42 | Scout Tower |
| 26:42 | Scout Tower |
| 26:43 | Scout Tower |
| 26:44 | Scout Tower |
| 26:45 | Scout Tower |
| 27:09 | Scout Tower |
| 27:10 | Scout Tower |
| 27:10 | Scout Tower |
| 27:12 | Scout Tower |
| 27:12 | Scout Tower |
| 27:14 | Scout Tower |
| 27:19 | Guard Tower |
| 27:37 | Guard Tower |
| 27:40 | Scout Tower |
| 27:42 | Scout Tower |
| 27:43 | Scout Tower |
| 27:43 | Scout Tower |
| 27:44 | Scout Tower |
| 27:44 | Scout Tower |
| 27:45 | Scout Tower |
| 27:46 | Scout Tower |
| 27:47 | Scout Tower |
| 27:48 | Scout Tower |
| 27:48 | Scout Tower |
| 27:49 | Scout Tower |
| 27:49 | Scout Tower |
| 27:50 | Scout Tower |
| 27:51 | Scout Tower |
| 27:51 | Scout Tower |
| 27:52 | Scout Tower |
| 27:52 | Scout Tower |
| 27:57 | Guard Tower |
| 28:00 | Priest Master Training |
| 28:04 | Scout Tower |
| 28:05 | Scout Tower |
| 28:11 | Guard Tower |
| 28:13 | Scout Tower |
| 28:14 | Scout Tower |
| 28:15 | Scout Tower |
| 28:17 | Guard Tower |
| 28:18 | Scout Tower |
| 28:18 | Scout Tower |
| 28:20 | Scout Tower |
| 28:21 | Scout Tower |
| 28:27 | Scout Tower |
| 28:27 | Scout Tower |
| 28:29 | Scout Tower |
| 28:32 | Scout Tower |
| 28:33 | Scout Tower |
| 28:34 | Guard Tower |
| 29:15 | Guard Tower |
| 29:21 | Scout Tower |
| 29:22 | Scout Tower |
| 29:23 | Scout Tower |
| 29:31 | Scout Tower |
| 29:31 | Scout Tower |
| 29:33 | Scout Tower |
| 29:34 | Scout Tower |
| 29:36 | Guard Tower |
| 29:37 | Scout Tower |
| 29:38 | Scout Tower |
| 29:39 | Scout Tower |
| 29:39 | Scout Tower |
| 29:44 | Scout Tower |
| 29:45 | Scout Tower |
| 29:45 | Scout Tower |
| 29:46 | Scout Tower |
| 29:47 | Scout Tower |
| 29:47 | Scout Tower |
| 29:48 | Scout Tower |
| 29:48 | Scout Tower |
| 29:53 | Guard Tower |
| 29:54 | Scout Tower |
| 29:58 | Scout Tower |
| 29:58 | Scout Tower |
| 30:02 | Scout Tower |
| 30:02 | Scout Tower |
| 30:03 | Scout Tower |
| 30:04 | Scout Tower |
| 30:04 | Scout Tower |
| 30:05 | Scout Tower |
| 30:10 | Peasant |
| 30:11 | Peasant |
| 30:11 | Peasant |
| 30:16 | Arcane Tower |
| 30:36 | Guard Tower |
| 30:39 | Guard Tower |
| 31:13 | Guard Tower |
| 31:19 | Scout Tower |
| 31:20 | Scout Tower |
| 31:21 | Scout Tower |
| 31:22 | Scout Tower |
| 31:28 | Guard Tower |
| Right click | 2080 |
| Select group | 1840 |
| Select | 369 |
| Build/train/purchase | 185 |
| Use ability | 110 |
| Misc. action | 86 |
| Chat | 39 |
| Resource trade | 22 |
| Minimap ping | 21 |
| Assign group | 12 |
| Item give/drop | 3 |
| Esc | 3 |



x1)
| Staff of Sanctuary | 4 | 1000 |
| Orb of Fire | 2 | 650 |
| Staff of Teleportation | 3 | 450 |
| Tome of Retraining | 1 | 300 |
| Periapt of Vitality | 1 | 325 |
| total: | 11 | 2725g |
| Peasant | 33 | 2475 | / | 0 |
| Priest | 1 | 135 | / | 10 |
| total: | 34 | 2610g | / | 10w |
| Scout Tower | 120 | 3600 | / | 2400 |
| Guard Tower | 70 | 4900 | / | 3500 |
| Altar of Kings | 1 | 180 | / | 50 |
| Lumber Mill | 2 | 240 | / | 0 |
| Farm | 4 | 320 | / | 80 |
| Town Hall | 3 | 1155 | / | 615 |
| Arcane Vault | 2 | 260 | / | 60 |
| Arcane Sanctum | 1 | 150 | / | 140 |
| Keep | 1 | 320 | / | 210 |
| Castle | 1 | 360 | / | 210 |
| total: | 133 | 5905g | / | 3345w |
| 0:02 | Peasant |
| 0:07 | Altar of Kings |
| 0:09 | Peasant |
| 0:16 | Peasant |
| 0:21 | Lumber Mill |
| 0:34 | Farm |
| 0:36 | Peasant |
| 0:48 | Peasant |
| 1:01 | Peasant |
| 1:14 | Farm |
| 1:16 | Peasant |
| 1:25 | Peasant |
| 1:36 | Peasant |
| 2:04 | Peasant |
| 2:11 | Summon Water Elemental |
| 2:30 | Peasant |
| 2:54 | Scout Tower |
| 2:55 | Scout Tower |
| 2:56 | Scout Tower |
| 2:57 | Scout Tower |
| 2:59 | Scout Tower |
| 3:00 | Scout Tower |
| 3:02 | Scout Tower |
| 3:06 | Scout Tower |
| 3:08 | Scout Tower |
| 3:11 | Scout Tower |
| 3:12 | Scout Tower |
| 3:14 | Scout Tower |
| 3:15 | Scout Tower |
| 3:16 | Scout Tower |
| 3:22 | Guard Tower |
| 3:23 | Guard Tower |
| 3:25 | Peasant |
| 3:26 | Peasant |
| 3:29 | Guard Tower |
| 3:46 | Guard Tower |
| 3:52 | Peasant |
| 3:55 | Guard Tower |
| 4:09 | Guard Tower |
| 4:10 | Guard Tower |
| 4:20 | Brilliance Aura |
| 4:28 | Guard Tower |
| 4:30 | Guard Tower |
| 4:39 | Guard Tower |
| 4:48 | Guard Tower |
| 5:10 | Guard Tower |
| 5:29 | Farm |
| 5:38 | Town Hall |
| 6:15 | Arcane Vault |
| 6:21 | Scout Tower |
| 6:23 | Scout Tower |
| 6:24 | Scout Tower |
| 6:25 | Scout Tower |
| 6:44 | Improved Masonry |
| 6:45 | Keep |
| 7:00 | Guard Tower |
| 7:01 | Scout Tower |
| 7:04 | Scout Tower |
| 7:05 | Scout Tower |
| 7:42 | Staff of Teleportation |
| 8:27 | Brilliance Aura |
| 8:48 | Guard Tower |
| 9:02 | Peasant |
| 9:02 | Peasant |
| 9:17 | Guard Tower |
| 9:17 | Guard Tower |
| 9:38 | Scout Tower |
| 9:39 | Scout Tower |
| 9:40 | Scout Tower |
| 10:04 | Peasant |
| 10:04 | Peasant |
| 10:07 | Storm Bolt |
| 10:09 | Tome of Retraining |
| 10:09 | Retrain Hero |
| 10:12 | Staff of Teleportation |
| 10:15 | Guard Tower |
| 10:15 | Peasant |
| 10:16 | Peasant |
| 10:18 | Scout Tower |
| 10:20 | Scout Tower |
| 10:23 | Blizzard |
| 10:23 | Brilliance Aura |
| 10:31 | Peasant |
| 10:33 | Guard Tower |
| 11:14 | Castle |
| 11:16 | Peasant |
| 11:18 | Scout Tower |
| 11:19 | Scout Tower |
| 11:19 | Scout Tower |
| 11:20 | Guard Tower |
| 11:43 | Peasant |
| 11:47 | Advanced Masonry |
| 11:55 | Peasant |
| 11:56 | Guard Tower |
| 11:59 | Scout Tower |
| 12:00 | Scout Tower |
| 12:01 | Scout Tower |
| 12:17 | Scout Tower |
| 12:20 | Scout Tower |
| 12:21 | Scout Tower |
| 12:24 | Scout Tower |
| 12:27 | Scout Tower |
| 12:27 | Scout Tower |
| 12:35 | Scout Tower |
| 12:37 | Scout Tower |
| 12:38 | Scout Tower |
| 12:41 | Peasant |
| 12:42 | Guard Tower |
| 12:51 | Peasant |
| 12:51 | Peasant |
| 13:51 | Guard Tower |
| 13:55 | Guard Tower |
| 13:58 | Scout Tower |
| 13:59 | Guard Tower |
| 14:10 | Scout Tower |
| 14:10 | Scout Tower |
| 14:11 | Scout Tower |
| 14:12 | Scout Tower |
| 14:13 | Scout Tower |
| 14:13 | Scout Tower |
| 14:14 | Scout Tower |
| 14:14 | Scout Tower |
| 14:18 | Scout Tower |
| 14:19 | Scout Tower |
| 14:20 | Scout Tower |
| 14:21 | Scout Tower |
| 14:30 | Imbued Masonry |
| 14:31 | Peasant |
| 14:31 | Peasant |
| 14:43 | Staff of Sanctuary |
| 14:43 | Staff of Sanctuary |
| 14:44 | Orb of Fire |
| 14:56 | Staff of Sanctuary |
| 15:07 | Guard Tower |
| 15:25 | Holy Light |
| 15:36 | Staff of Sanctuary |
| 15:45 | Town Hall |
| 15:50 | Guard Tower |
| 16:18 | Guard Tower |
| 16:29 | Guard Tower |
| 16:33 | Improved Lumber Harvesting |
| 16:33 | Advanced Lumber Harvesting |
| 16:35 | Farm |
| 16:53 | Lumber Mill |
| 17:01 | Guard Tower |
| 17:09 | Staff of Teleportation |
| 17:15 | Periapt of Vitality |
| 17:18 | Guard Tower |
| 17:20 | Peasant |
| 17:32 | Peasant |
| 17:45 | Guard Tower |
| 19:17 | Peasant |
| 19:17 | Peasant |
| 19:56 | Bash |
| 21:24 | Brilliance Aura |
| 22:00 | Arcane Sanctum |
| 23:15 | Divine Shield |
| 23:43 | Scout Tower |
| 23:44 | Scout Tower |
| 23:45 | Scout Tower |
| 23:52 | Scout Tower |
| 23:53 | Scout Tower |
| 23:54 | Scout Tower |
| 23:54 | Scout Tower |
| 23:55 | Scout Tower |
| 23:56 | Scout Tower |
| 23:57 | Scout Tower |
| 23:57 | Scout Tower |
| 23:58 | Scout Tower |
| 23:59 | Scout Tower |
| 25:01 | Guard Tower |
| 25:03 | Scout Tower |
| 25:03 | Scout Tower |
| 25:04 | Scout Tower |
| 25:04 | Scout Tower |
| 25:08 | Priest |
| 25:08 | Priest Adept Training |
| 25:10 | Magic Sentry |
| 25:56 | Guard Tower |
| 25:57 | Scout Tower |
| 25:58 | Scout Tower |
| 25:59 | Scout Tower |
| 26:05 | Scout Tower |
| 26:06 | Scout Tower |
| 26:06 | Scout Tower |
| 26:07 | Scout Tower |
| 26:12 | Scout Tower |
| 26:17 | Scout Tower |
| 26:17 | Scout Tower |
| 26:18 | Scout Tower |
| 26:19 | Scout Tower |
| 26:20 | Scout Tower |
| 26:20 | Scout Tower |
| 26:21 | Scout Tower |
| 26:25 | Scout Tower |
| 26:26 | Scout Tower |
| 26:26 | Scout Tower |
| 26:27 | Scout Tower |
| 26:27 | Scout Tower |
| 27:01 | Guard Tower |
| 27:04 | Scout Tower |
| 27:05 | Scout Tower |
| 27:05 | Scout Tower |
| 27:05 | Scout Tower |
| 27:06 | Scout Tower |
| 27:12 | Arcane Vault |
| 27:40 | Scout Tower |
| 28:17 | Storm Bolt |
| 28:30 | Town Hall |
| 28:34 | Scout Tower |
| 28:35 | Scout Tower |
| 28:36 | Scout Tower |
| 28:37 | Scout Tower |
| 28:37 | Scout Tower |
| 28:38 | Scout Tower |
| 28:39 | Scout Tower |
| 28:39 | Scout Tower |
| 29:03 | Scout Tower |
| 29:04 | Scout Tower |
| 29:04 | Scout Tower |
| 29:05 | Scout Tower |
| 29:07 | Scout Tower |
| 29:08 | Scout Tower |
| 29:09 | Scout Tower |
| 29:09 | Scout Tower |
| 29:10 | Scout Tower |
| 29:11 | Scout Tower |
| 29:13 | Guard Tower |
| 29:38 | Orb of Fire |
| 29:57 | Guard Tower |
| 30:07 | Guard Tower |
| 30:11 | Scout Tower |
| 30:12 | Scout Tower |
| 30:13 | Scout Tower |
| 30:13 | Scout Tower |
| 30:14 | Scout Tower |
| 30:54 | Holy Light |
| 31:11 | Guard Tower |
| Right click | 2149 |
| Select | 1290 |
| Select group | 406 |
| Assign group | 207 |
| Build/train/purchase | 199 |
| Use ability | 112 |
| Minimap ping | 16 |
| Resource trade | 13 |
| Chat | 8 |
| Item give/drop | 6 |
| Misc. action | 1 |
| Remove unit | 1 |
171 units @ 26.1k
/ 3.7k
66 buildings @ 10.6k
/ 5k


| Peon | 19 | 1425 | / | 0 |
| Grunt | 18 | 3600 | / | 0 |
| Raider | 29 | 5220 | / | 1160 |
| Wind Rider | 7 | 1855 | / | 280 |
| total: | 73 | 12100g | / | 1440w |
| Watch Tower | 17 | 1870 | / | 1360 |
| Altar of Storms | 1 | 180 | / | 50 |
| Orc Burrow | 5 | 800 | / | 200 |
| Barracks | 1 | 180 | / | 50 |
| War Mill | 1 | 205 | / | 0 |
| Voodoo Lounge | 1 | 130 | / | 30 |
| Great Hall | 2 | 770 | / | 370 |
| Beastiary | 1 | 145 | / | 140 |
| Stronghold | 1 | 315 | / | 190 |
| Fortress | 1 | 325 | / | 190 |
| total: | 29 | 4280g | / | 2200w |
| 0:06 | Peon |
| 0:06 | Peon |
| 0:06 | Peon |
| 0:12 | Altar of Storms |
| 0:24 | Orc Burrow |
| 0:39 | Peon |
| 0:39 | Peon |
| 1:03 | Barracks |
| 1:13 | War Mill |
| 1:28 | Peon |
| 1:29 | Peon |
| 1:29 | Peon |
| 1:46 | Orc Burrow |
| 2:06 | Voodoo Lounge |
| 2:13 | Grunt |
| 2:20 | Feral Spirit |
| 3:16 | Grunt |
| 3:49 | Grunt |
| 3:55 | Orc Burrow |
| 3:57 | Stronghold |
| 4:45 | Grunt |
| 4:46 | Steel Melee Weapons |
| 4:46 | Steel Armor |
| 4:54 | Watch Tower |
| 5:34 | Chain Lighting |
| 6:12 | Grunt |
| 6:22 | Beastiary |
| 6:26 | Pillage |
| 6:29 | Thorium Melee Weapons |
| 6:30 | Spiked Barricades |
| 6:30 | Reinforced Defenses |
| 7:34 | Orc Burrow |
| 8:45 | Feral Spirit |
| 9:23 | Healing Wave |
| 10:18 | Ensnare |
| 10:18 | Raider |
| 10:18 | Raider |
| 10:19 | Raider |
| 10:20 | Grunt |
| 10:21 | Grunt |
| 10:21 | Grunt |
| 10:21 | Grunt |
| 10:38 | Berserker Strength |
| 10:41 | Thorium Armor |
| 10:43 | Fortress |
| 12:28 | Improved Spiked Barricades |
| 13:30 | Great Hall |
| 13:37 | Great Hall |
| 14:08 | Raider |
| 14:08 | Raider |
| 14:08 | Raider |
| 14:09 | Raider |
| 14:09 | Raider |
| 14:09 | Raider |
| 14:09 | Raider |
| 14:09 | Raider |
| 14:14 | Grunt |
| 14:14 | Grunt |
| 14:14 | Grunt |
| 14:14 | Grunt |
| 14:14 | Grunt |
| 14:30 | Chain Lighting |
| 14:46 | Arcanite Melee Weapons |
| 14:54 | Orc Burrow |
| 15:34 | Peon |
| 15:34 | Peon |
| 15:34 | Peon |
| 15:34 | Peon |
| 16:29 | Peon |
| 16:29 | Peon |
| 16:29 | Peon |
| 16:29 | Peon |
| 16:29 | Peon |
| 17:49 | Watch Tower |
| 17:50 | Watch Tower |
| 17:51 | Watch Tower |
| 17:51 | Watch Tower |
| 17:52 | Watch Tower |
| 17:53 | Watch Tower |
| 17:54 | Watch Tower |
| 17:54 | Watch Tower |
| 18:50 | Hex |
| 19:47 | Raider |
| 19:47 | Raider |
| 19:47 | Raider |
| 19:47 | Raider |
| 19:47 | Raider |
| 19:47 | Raider |
| 19:48 | Raider |
| 20:32 | Peon |
| 20:32 | Peon |
| 21:49 | Arcanite Armor |
| 22:14 | Watch Tower |
| 22:15 | Watch Tower |
| 22:15 | Watch Tower |
| 22:16 | Watch Tower |
| 22:17 | Watch Tower |
| 22:18 | Watch Tower |
| 22:54 | Raider |
| 22:54 | Raider |
| 22:54 | Raider |
| 25:03 | Raider |
| 25:03 | Raider |
| 25:03 | Raider |
| 25:03 | Raider |
| 25:03 | Raider |
| 25:03 | Raider |
| 25:04 | Raider |
| 25:04 | Raider |
| 25:06 | Grunt |
| 25:06 | Grunt |
| 25:06 | Grunt |
| 25:06 | Grunt |
| 26:38 | Watch Tower |
| 26:49 | Watch Tower |
| 27:51 | Envenomed Spears |
| 29:30 | Wind Rider |
| 29:30 | Wind Rider |
| 29:30 | Wind Rider |
| 29:30 | Wind Rider |
| 29:30 | Wind Rider |
| 29:31 | Wind Rider |
| 29:31 | Wind Rider |
| Right click | 665 |
| Select | 235 |
| Misc. action | 165 |
| Select group | 111 |
| Build/train/purchase | 102 |
| Use ability | 47 |
| Assign group | 36 |
| Chat | 16 |
| Minimap ping | 5 |



| Potion of Healing | 2 | 300 |
| Boots of Speed | 1 | 250 |
| Potion of Invisibility | 1 | 100 |
| Potion of Lesser Invulnerability | 1 | 150 |
| total: | 5 | 800g |
| Wisp | 28 | 1680 | / | 0 |
| Archer | 7 | 910 | / | 70 |
| Huntress | 18 | 3510 | / | 360 |
| Dryad | 5 | 725 | / | 300 |
| Druid of the Claw | 7 | 1785 | / | 560 |
| total: | 65 | 8610g | / | 1290w |
| Ancient Protector | 4 | 540 | / | 320 |
| Altar of Elders | 1 | 180 | / | 50 |
| Moon Well | 6 | 1080 | / | 240 |
| Ancient of War | 3 | 450 | / | 180 |
| Hunter's Hall | 1 | 210 | / | 100 |
| Ancient of Wonders | 1 | 90 | / | 30 |
| Tree of Life | 2 | 680 | / | 370 |
| Ancient of Lore | 3 | 465 | / | 435 |
| Tree of Ages | 1 | 320 | / | 180 |
| Tree of Eternity | 1 | 330 | / | 200 |
| total: | 21 | 3695g | / | 1725w |
| 0:05 | Wisp |
| 0:05 | Wisp |
| 0:06 | Wisp |
| 0:13 | Altar of Elders |
| 0:27 | Moon Well |
| 0:29 | Wisp |
| 0:29 | Wisp |
| 0:56 | Ancient of War |
| 0:59 | Ancient of War |
| 1:09 | Wisp |
| 1:09 | Wisp |
| 1:45 | Moon Well |
| 1:49 | Wisp |
| 1:49 | Wisp |
| 2:05 | Archer |
| 2:14 | Hunter's Hall |
| 2:36 | Archer |
| 2:38 | Archer |
| 2:42 | Immolation |
| 2:57 | Moon Well |
| 3:29 | Huntress |
| 3:35 | Ancient of War |
| 3:59 | Archer |
| 4:18 | Huntress |
| 4:25 | Tree of Ages |
| 5:03 | Evasion |
| 5:10 | Huntress |
| 5:20 | Strength of the Moon |
| 5:33 | Huntress |
| 5:34 | Moon Armor |
| 5:35 | Ultravision |
| 6:13 | Ancient Protector |
| 6:18 | Ancient of Wonders |
| 6:28 | Archer |
| 6:54 | Moon Well |
| 7:17 | Boots of Speed |
| 7:47 | Moon Well |
| 7:57 | Moon Well |
| 8:07 | Improved Bows |
| 8:20 | Wisp |
| 8:20 | Wisp |
| 8:21 | Wisp |
| 9:18 | Evasion |
| 9:40 | Trueshot Aura |
| 9:55 | Tree of Life |
| 10:00 | Ancient Protector |
| 10:10 | Archer |
| 10:10 | Archer |
| 10:18 | Wisp |
| 10:18 | Wisp |
| 10:39 | Huntress |
| 10:52 | Potion of Healing |
| 11:06 | Improved Strength of the Moon |
| 11:30 | Ancient Protector |
| 12:06 | Huntress |
| 12:13 | Searing Arrows |
| 12:27 | Wisp |
| 12:27 | Wisp |
| 12:29 | Wisp |
| 12:30 | Wisp |
| 12:30 | Wisp |
| 13:25 | Moon Glaive |
| 13:27 | Huntress |
| 14:13 | Tree of Eternity |
| 14:18 | Huntress |
| 14:19 | Huntress |
| 14:23 | Wisp |
| 14:23 | Wisp |
| 14:26 | Wisp |
| 14:56 | Ancient of Lore |
| 15:04 | Huntress |
| 15:13 | Improved Moon Armor |
| 15:20 | Wisp |
| 15:20 | Wisp |
| 16:06 | Potion of Invisibility |
| 16:09 | Potion of Lesser Invulnerability |
| 16:34 | Sentinel |
| 16:35 | Advanced Strength of the Moon |
| 16:42 | Wisp |
| 16:42 | Wisp |
| 17:27 | Ancient of Lore |
| 17:32 | Marksmanship |
| 17:37 | Wisp |
| 17:37 | Wisp |
| 19:04 | Huntress |
| 19:04 | Huntress |
| 19:05 | Huntress |
| 19:08 | Advanced Moon Armor |
| 19:08 | Well Spring |
| 19:43 | Huntress |
| 20:04 | Druid of the Claw Adept Training |
| 20:07 | Abolish Magic |
| 20:16 | Ancient of Lore |
| 20:43 | Strength of the Wild |
| 20:44 | Reinforced Hides |
| 20:46 | Huntress |
| 20:47 | Huntress |
| 21:01 | Tree of Life |
| 21:40 | Huntress |
| 21:50 | Dryad |
| 21:57 | Druid of the Claw |
| 21:59 | Druid of the Claw Master Training |
| 22:23 | Improved Strength of the Wild |
| 22:36 | Ancient Protector |
| 23:24 | Dryad |
| 23:24 | Dryad |
| 23:36 | Druid of the Claw |
| 23:38 | Mark of the Claw |
| 24:36 | Trueshot Aura |
| 25:28 | Druid of the Claw |
| 25:28 | Druid of the Claw |
| 25:30 | Dryad |
| 26:00 | Entangling Roots |
| 26:04 | Dryad |
| 26:05 | Druid of the Claw |
| 26:49 | Druid of the Claw |
| 27:08 | Druid of the Claw |
| 27:24 | Huntress |
| 28:57 | Improved Reinforced Hides |
| 30:02 | Potion of Healing |
| 30:19 | Advanced Reinforced Hides |
| Right click | 1161 |
| Select group | 410 |
| Select | 247 |
| Build/train/purchase | 132 |
| Assign group | 75 |
| Misc. action | 66 |
| Resource trade | 17 |
| Use ability | 15 |
| Remove unit | 5 |
| Minimap ping | 5 |
| Item give/drop | 3 |


| Healing Salve | 1 | 100 |
| Lesser Clarity Potion | 3 | 210 |
| Potion of Healing | 1 | 150 |
| Orb of Lightning | 1 | 375 |
| total: | 6 | 835g |
| Peon | 8 | 600 | / | 0 |
| Troll Headhunter | 10 | 1400 | / | 200 |
| Demolisher | 13 | 2860 | / | 650 |
| Kodo Beast | 1 | 255 | / | 60 |
| Wind Rider | 1 | 265 | / | 40 |
| total: | 33 | 5380g | / | 950w |
| Altar of Storms | 1 | 180 | / | 50 |
| Orc Burrow | 7 | 1120 | / | 280 |
| War Mill | 1 | 205 | / | 0 |
| Barracks | 2 | 360 | / | 100 |
| Voodoo Lounge | 1 | 130 | / | 30 |
| Beastiary | 2 | 290 | / | 280 |
| Spirit Lodge | 2 | 300 | / | 300 |
| Stronghold | 1 | 315 | / | 190 |
| Fortress | 1 | 325 | / | 190 |
| total: | 16 | 2585g | / | 1040w |
| 0:06 | Peon |
| 0:13 | Altar of Storms |
| 0:20 | Orc Burrow |
| 0:21 | Peon |
| 0:39 | War Mill |
| 0:41 | Peon |
| 0:55 | Peon |
| 1:08 | Peon |
| 1:24 | Barracks |
| 1:27 | Peon |
| 1:40 | Peon |
| 1:57 | Orc Burrow |
| 1:59 | Peon |
| 2:18 | War Stomp |
| 2:29 | Troll Headhunter |
| 2:45 | Troll Headhunter |
| 2:55 | Voodoo Lounge |
| 3:01 | Orc Burrow |
| 3:13 | Troll Headhunter |
| 3:35 | Troll Headhunter |
| 3:54 | Stronghold |
| 4:22 | Troll Headhunter |
| 4:26 | Orc Burrow |
| 4:27 | Spiked Barricades |
| 4:35 | Endurance Aura |
| 4:51 | Troll Headhunter |
| 5:26 | Troll Headhunter |
| 5:34 | Orc Burrow |
| 6:22 | Healing Salve |
| 6:22 | Lesser Clarity Potion |
| 6:41 | Beastiary |
| 7:07 | Troll Headhunter |
| 7:08 | Troll Regeneration |
| 7:21 | Hex |
| 8:09 | Steel Ranged Weapons |
| 8:59 | Healing Wave |
| 10:10 | Demolisher |
| 10:11 | Fortress |
| 10:20 | Troll Headhunter |
| 10:28 | Orc Burrow |
| 10:51 | Spirit Lodge |
| 10:54 | Kodo Beast |
| 11:23 | Thorium Ranged Weapons |
| 11:49 | Lesser Clarity Potion |
| 11:52 | Potion of Healing |
| 12:13 | Troll Headhunter |
| 12:18 | Spirit Lodge |
| 12:20 | Shaman Adept Training |
| 12:40 | War Stomp |
| 12:54 | Hex |
| 13:24 | Demolisher |
| 14:15 | Demolisher |
| 14:21 | Shaman Master Training |
| 14:24 | Witch Doctor Adept Training |
| 14:55 | Arcanite Ranged Weapons |
| 15:00 | Barracks |
| 15:03 | Demolisher |
| 15:44 | Burning Oil |
| 16:08 | Demolisher |
| 16:24 | Reinforced Defenses |
| 16:31 | Berserker Upgrade |
| 16:40 | Orc Burrow |
| 16:42 | Witch Doctor Master Training |
| 16:50 | Orb of Lightning |
| 17:06 | Demolisher |
| 21:14 | Demolisher |
| 21:14 | Demolisher |
| 21:42 | Steel Armor |
| 22:00 | Beastiary |
| 22:11 | Wind Rider |
| 22:22 | Demolisher |
| 22:23 | Demolisher |
| 22:55 | Demolisher |
| 22:57 | Demolisher |
| 23:00 | Lesser Clarity Potion |
| 25:33 | Endurance Aura |
| 25:58 | Demolisher |
| Right click | 1587 |
| Select | 220 |
| Select group | 165 |
| Chat | 91 |
| Build/train/purchase | 84 |
| Assign group | 27 |
| Use ability | 20 |
| Minimap ping | 3 |
| Item give/drop | 2 |
| Remove unit | 2 |